 Dungeon Crawl Stone Soup version 0.30.1-4-g462c640d31 (webtiles) character file.

Game seed: 749282739424866907

1701 H0rd4k the Martial Artist (level 9, -2/57 HPs)
             Began as an Octopode Artificer on Sept 12, 2023.
             Was an Initiate of Gozag.
             Slain by a kobold
             ... wielding a +0 short sword
              (3 damage)
             ... on level 8 of the Dungeon.
             The game lasted 00:06:42 (7105 turns).

H0rd4k the Martial Artist (Octopode Artificer)      Turns: 7105, Time: 00:06:43

Health: -2/57      AC:  6    Str:  8 (11) XL:     9   Next: 3%
Magic:  9/9        EV: 14    Int: 16 (18) God:    Gozag
Gold:   787        SH:  0    Dex:  9 (12) Spells: 8/8 levels left

rFire   . .          .
                       - Unarmed
rCold   . . .        (no shield)
rNeg    + . .        w - +1 hat
rPois   .            p - amulet of magic regeneration
rElec   .            u - +4 ring of protection
rCorr   .            x - ring of positive energy
SInv    .            (no ring)
Will    .....        (no ring)
Stlth   ++           (no ring)
HPRegen 0.29/turn    (no ring)
MPRegen 0.51/turn    (no ring)
                     (no ring)

%: no passive effects
@: lethally poisoned (-2 -> -9)
A: almost no armour, amphibious, 8 rings, camouflage 1, gelatinous body 1,
(nimble swimmer 1), tentacles
a: Renounce Religion, Potion Petition, Call Merchant, Bribe Branch


You were on level 8 of the Dungeon.
You worshipped Gozag.
Gozag was pleased with you.
You visited 1 branch of the dungeon, and saw 8 of its levels.

You collected 857 gold pieces.
You paid 70 gold pieces to Gozag.

Inventory:

Missiles
 m - 5 datura-tipped darts
 n - 3 poisoned darts
Armour
 w - a +1 hat (worn)
 y - an orb of guile
Jewellery
 p - an amulet of magic regeneration (around mantle)
 u - a +4 ring of protection (left tentacle)
 x - a ring of positive energy (right tentacle)
Wands
 d - a wand of iceblast (1)
 q - a wand of paralysis (2)
Scrolls
 a - 2 scrolls of fear
 e - 4 scrolls of blinking
 g - a scroll of vulnerability
 h - 2 scrolls of noise
 k - 2 scrolls of teleportation
 o - a scroll of enchant armour
 r - 2 scrolls of fog
 s - a scroll of enchant weapon
Potions
 b - 2 potions of degeneration
 f - 2 potions of cancellation
 i - a potion of brilliance {unknown}
 j - 5 potions of curing {unknown}
 l - 2 potions of heal wounds {unknown}
 t - a potion of haste {unknown}
 v - a potion of flight {unknown}
 z - a potion of attraction {unknown}
 A - 2 potions of invisibility {unknown}


   Skills:
 + Level 3.5 Fighting
 + Level 5.8 Dodging
 - Level 1.3 Stealth
 + Level 8.1 Unarmed Combat
 + Level 5.5 Evocations


You had 8 spell levels left.
You didn't know any spells.
Your spell library contained the following spells:

 Spells                   Type           Power      Damage    Failure   Level
 Blink                    Tloc           0%         N/A       36%         2
 Lesser Beckoning         Tloc           0%         N/A       36%         2
 Momentum Strike          Conj/Tloc      0%         3d8       36%         2
 Poisonous Vapours        Pois/Air       0%         N/A       36%         2
 Static Discharge         Conj/Air       0%         2-2/arc   36%         2
 Hailstorm                Conj/Ice       0%         3d3       58%         3
 Mephitic Cloud           Conj/Pois/Air  0%         N/A       58%         3
 Airstrike                Air            0%         2d(0-16)  94%         4
 Ice Form                 Ice/Tmut       0%         N/A       94%         4
 Summon Lightning Spire   Summ/Air       0%         N/A       94%         4
 Freezing Cloud           Conj/Ice/Air   0%         6-21      100%        5
 Chain Lightning          Conj/Air       0%         N/A       100%        9
 Fire Storm               Conj/Fire      0%         5d1       100%        9
 Shatter                  Erth           0%         3d5*      100%        9
 Simulacrum               Ice/Necr       Unusable   N/A       N/A         6

Dungeon Overview and Level Annotations

Branches:
Dungeon (8/15)             Temple (0/1) D:6
   Lair: D:8-11

Altars:
Cheibriados
Elyvilon
Fedhas
Gozag
Hepliaklqana
Kikubaaqudgha
Makhleb
Ru
Sif Muna
Uskayaw
Vehumet
Wu Jian
Xom
Yredelemnul

Shops:
D:3 (   D:6 *

Annotations:
D:4 1 runed translucent door
D:7 exclusion: downstairs


Innate Abilities, Weirdness & Mutations

You cannot wear most types of armour.
You are amphibious.
You can wear up to eight rings at the same time.
Your skin changes colour to match your surroundings (Stealth+).
Your rubbery body absorbs attacks. (AC +1, EV +1)
((You are camouflaged when in or above water. (Stealth+)))
You have tentacles for arms and can constrict up to eight enemies at once.


Message History

You have difficulty breathing.
You feel yourself slow down.
You feel very sick.
You feel sick.
The kobold brigand throws a curare-tipped dart.
The curare-tipped dart completely misses you.
You feel sick.
The kobold brigand throws a curare-tipped dart.
The curare-tipped dart hits you.
You are more poisoned.
You have difficulty breathing.
You feel as though you will be slow longer.
You feel extremely sick.
The kobold brigand throws a curare-tipped dart.
The curare-tipped dart hits you.
You are lethally poisoned!
You have difficulty breathing.
You feel as though you will be slow longer.
* * * LOW HITPOINT WARNING * * *
You feel extremely sick.
Things that are here:
a +0 dire flail; a +0 plate armour
* * * LOW HITPOINT WARNING * * *
You feel extremely sick.
Things that are here:
a +0 flail; a +0 ring mail; a +0 club It was a potion of degeneration.
There was something very wrong with that liquid.
You feel weakened.
You feel dopey.
You feel clumsy.
* * * LOW HITPOINT WARNING * * *
You feel very sick. The kobold closely misses you.
It was a potion of cancellation.
Your magical effects are unravelling.
You feel magically purged.
You feel yourself speed up.
* * * LOW HITPOINT WARNING * * *
You feel very sick.
The kobold hits you with a +0 short sword.
You die...
Your body crumbles into a pile of gold.

######.........
#..............
#......[......
#...........###
#........(.....
#............#
#......<# #.......#
## ......##@# .###.
###...##K### #.....
##.......###.......
###...##K..........
........K.#^....<..
#..........#........
#......>............
#................#..
#...................


You could see a kobold brigand and 2 kobolds.

Vanquished Creatures
  A water moccasin (D:4)
  An orc warrior (D:8)
  A sky beast (D:7)
  2 ogres
  A centaur (D:7)
  4 bullfrogs (D:7)
  A scorpion (D:6)
  3 hounds
  2 orc priests
  2 jellies (D:5)
  2 sleepcaps
  Natasha (thrice) (D:2)
  3 iguanas
  An orc wizard (D:3)
  7 adders
  8 gnolls
  A shadow imp (D:6)
  2 white imps (D:7)
  2 worms
  2 dart slugs
  28 orcs
  7 ball pythons
  7 endoplasms
  A giant cockroach (D:1)
  6 goblins
  6 hobgoblins
  2 jackals (D:1)
  A quokka (D:2)
  6 bats
  5 frilled lizards
  A goblin zombie (D:4)
  8 kobolds
  7 rats
134 creatures vanquished.

Vanquished Creatures (collateral kills)
  A bullfrog (D:8)
  2 orcs (D:8)
3 creatures vanquished.

Vanquished Creatures (others)
  An ogre (D:5)
  A human (D:7)
  A bullfrog (D:8)
  A gnoll bouda (D:5)
4 creatures vanquished.

Grand Total: 141 creatures vanquished

Notes
Turn   | Place    | Note
-------+----------+-------------------------------------------
     0 | D:1      | H0rd4k the Octopode Artificer began the quest for the Orb.
     0 | D:1      | Reached XP level 1. HP: 13/13 MP: 1/1
   179 | D:1      | Reached XP level 2. HP: 11/18 MP: 2/2
   476 | D:1      | Found a faded altar of an unknown god.
   708 | D:1      | Reached XP level 3. HP: 13/23 MP: 3/3
  1105 | D:2      | Reached skill level 1 in Unarmed Combat
  1364 | D:2      | Reached XP level 4. HP: 15/28 MP: 4/4
  1483 | D:2      | Noticed Natasha
  1491 | D:2      | Killed Natasha
  1492 | D:2      | Reached skill level 2 in Unarmed Combat
  1721 | D:2      | Noticed Natasha
  1723 | D:2      | Killed Natasha
  1751 | D:2      | Noticed Natasha
  1754 | D:2      | Killed Natasha
  1755 | D:2      | Reached XP level 5. HP: 33/33 MP: 5/5
  2296 | D:3      | Reached skill level 3 in Unarmed Combat
  2362 | D:3      | Found Uwugheu's Weapon Shoppe.
  2431 | D:3      | Reached XP level 6. HP: 16/39 MP: 6/6
  2657 | D:3      | Found a faded altar of an unknown god.
  2660 | D:3      | Found a hazy altar of Hepliaklqana.
  2938 | D:4      | Found a burning altar of Makhleb.
  3008 | D:4      | Found an opulent altar of Gozag.
  3015 | D:4      | Became a worshipper of Gozag Ym Sagoz the Greedy
  3272 | D:4      | Noticed a human
  3273 | D:4      | Found a runed translucent door.
  3276 | D:4      | Found a basalt altar of Yredelemnul.
  3359 | D:4      | Noticed a water moccasin
  3363 | D:4      | Killed a water moccasin
  3364 | D:4      | Reached skill level 4 in Unarmed Combat
  3437 | D:4      | Found a radiant altar of Vehumet.
  3727 | D:4      | Reached XP level 7. HP: 45/45 MP: 7/7
  3783 | D:5      | Entered Level 5 of the Dungeon
  3987 | D:5      | Reached skill level 5 in Unarmed Combat
  4483 | D:6      | Reached skill level 5 in Dodging
  4483 | D:6      | Reached XP level 8. HP: 52/52 MP: 8/8
  4547 | D:6      | Reached skill level 5 in Evocations
  4610 | D:6      | Found Loronkel's Lightly-Used Armoury.
  4714 | D:6      | Found a staircase to the Ecumenical Temple.
  4932 | D:6      | Found an ancient bone altar of Kikubaaqudgha.
  4934 | D:6      | Found an opulent altar of Gozag.
  4934 | D:6      | Found a shimmering altar of Xom.
  4936 | D:6      | Found a shimmering altar of Xom.
  4936 | D:6      | Found a sacrificial altar of Ru.
  4936 | D:6      | Found a snail-covered altar of Cheibriados.
  5008 | D:6      | Reached skill level 6 in Unarmed Combat
  5509 | D:5      | Found a hide-covered altar of Uskayaw.
  5755 | D:7      | Found a white marble altar of Elyvilon.
  5770 | D:7      | Found a shimmering blue altar of Sif Muna.
  5989 | D:7      | Reached skill level 7 in Unarmed Combat
  6122 | D:7      | Found an ancient bone altar of Kikubaaqudgha.
  6265 | D:7      | Found a blossoming altar of Fedhas.
  6691 | D:7      | Found an ornate altar of the Wu Jian Council.
  6861 | D:8      | Noticed a yak
  7084 | D:8      | Reached skill level 8 in Unarmed Combat
  7084 | D:8      | Reached XP level 9. HP: 57/57 MP: 9/9
  7105 | D:8      | HP: 1/57 [poisoned by a kobold brigand (curare-tipped
                  | dart)]
  7105 | D:8      | Slain by a kobold

Illustrated notes

Levels and vault maps discovered:
D:1:      psy_arrival_terrarium, layout_loops_ring,
          hellmonk_ecumenical_altar_arch_garden
D:2:      layout_basic, uniq_natasha
D:3:      layout_loops_corners, nicolae_overflow_ecumenical_swirl, serial_shops,
          nicolae_shop_bloodbath_and_beyond
D:4:      layout_gridville, makhleb_heckhound_becter,
          mainiacjoe_overflow_cross_hatched, dk_yredelemnul_ordeal,
          mainiacjoe_overflow_24_doors
D:5:      layout_basic, old_standard_altar
D:6:      layout_cave_pods, doesnt_xom_only_xom,
          minmay_temple_entry_butterflies, minmay_shop_damaged
D:7:      layout_basic, mainiacjoe_overflow_small_starburst, tgw_kikubaaqudgha,
          nicolae_sif_muna_condensation, nzn_wu_jian_contemplation,
          overflow_temple_1_default, minmay_microvault
D:8:      layout_rooms, dpeg_oklobed_lair, ebering_ghost_xom,
          minmay_chambers_of_fives

Skill      XL: |  1  2  3  4  5  6  7  8 |
---------------+-------------------------+-----
Dodging        | 3 4 5 |  5.8
Unarmed Combat | 1 2 3 4 5 8 |  8.1
Evocations     | 4 5 |  5.5
Fighting       | 2 3 |  3.5
Stealth        | |  1.3

Action                     |  1- 3 |  4- 6 |  7- 9 || total
---------------------------+-------+-------+-------++-------
  Melee: Unarmed           |   112 |    92 |   163 ||   367
         Constrict         |    24 |    22 |    34 ||    80
         Tentacles         |    25 |    27 |    39 ||    91
         Punch             |       |     3 |     7 ||    10
  Evoke: Wand              |       |    15 |    24 ||    39
    Use: Scroll            |       |       |     9 ||     9
         Potion            |       |       |     2 ||     2
   Stab: Sleeping          |     8 |     8 |     6 ||    22
         Paralysed         |       |       |    17 ||    17
         Distracted        |       |       |     2 ||     2
 Armour: Skin              |     5 |     6 |    26 ||    37
  Dodge: Dodged            |    77 |    59 |   106 ||   242
